 Dungeon Crawl Stone Soup version 0.23.2-1-ga50397a (webtiles) character file.

Game seed: 10467798340290609020

12387 sankara the Grappler (level 11, -6/105 HPs)
             Began as a Troll Earth Elementalist on Apr 18, 2019.
             Was an Elder of Sif Muna.
             Mangled by a yak (9 damage)
             ... on level 1 of the Lair of Beasts on Apr 20, 2019.
             The game lasted 03:01:49 (9445 turns).

sankara the Grappler (Troll Earth Elementalist)     Turns: 9445, Time: 03:01:51

Health: -6/105     AC:  8    Str: 18    XL:     11   Next: 61%
Magic:  6/14       EV: 10    Int: 14    God:    Sif Muna [****..]
Gold:   456        SH:  0    Dex: 10    Spells: 10/16 levels left

rFire    . . .     SeeInvis .     - Unarmed
rCold    . . .     Gourm    +   (no shield)
rNeg     + . .     Faith    .   c - +1 robe
rPois    .         Spirit   .   (helmet restricted)
rElec    .         Reflect  .   K - +0 cloak
rCorr    .         Harm     .   (gloves unavailable)
MR       +....                  (boots unavailable)
Stlth    +.........             i - amulet of rage {+Rage, !d}
HPRegen  0.67/turn              a - ring of positive energy {rN+}
MPRegen  0.14/turn              L - ring of protection from magic {MR+, !d}

@: lethally poisoned (-6 -> -10), berserk cooldown, slowed, divine energy, very
slow
A: large, unfitting armour, claws 3, fast metabolism 3, gourmand, regeneration
1, shaggy fur 1, tough skin 3
a: Stop Divine Energy, Channel Magic, Forget Spell, Renounce Religion, Evoke
Berserk Rage


You were on level 1 of the Lair of Beasts.
You worshipped Sif Muna.
Sif Muna was greatly pleased with you.
You were not hungry.

You visited 3 branches of the dungeon, and saw 14 of its levels.
You also visited: Ossuary.

You collected 677 gold pieces.
You spent 221 gold pieces at shops.

Inventory:

Hand Weapons
 z - a +1 hunting sling
   (You took it off Joseph on level 8 of the Dungeon)
Missiles
 b - 238 stones
 l - a throwing net {=f, !d}
 p - 7 large rocks (quivered) {!d}
 y - 3 poisoned tomahawks
 H - 60 sling bullets
Armour
 c - a +1 robe (worn)
 K - a +0 cloak (worn)
   (You found it on level 10 of the Dungeon)
Jewellery
 a - a ring of positive energy (left claw) {rN+}
   (You found it on level 1 of the Dungeon)
 i - an amulet of rage (around neck) {+Rage, !d}
   (You found it on level 2 of the Dungeon)
 D - a +3 ring of strength
   (You found it on level 7 of the Dungeon)
 L - a ring of protection from magic (right claw) {MR+, !d}
   (You found it on level 10 of the Dungeon)
Wands
 s - a wand of polymorph (16)
   (You took it off Jessica on level 2 of the Dungeon)
 u - a wand of clouds (7)
   (You found it on level 9 of the Dungeon)
 w - a wand of iceblast (3)
   (You took it off Pikel on level 4 of the Dungeon)
 E - a wand of flame (8)
   (You found it on level 7 of the Dungeon)
 F - a wand of acid (4)
   (You found it on level 7 of the Dungeon)
 Q - a wand of enslavement (12)
   (You took it off an orc on level 11 of the Dungeon)
 R - a wand of disintegration (18)
   (You took it off a wight on level 11 of the Dungeon)
 S - a wand of random effects (16)
   (You found it on level 11 of the Dungeon)
Scrolls
 e - 2 scrolls of fear
 f - 5 scrolls of remove curse
 m - 2 scrolls of immolation {!r}
 n - a scroll of enchant armour
 o - a scroll of amnesia {unknown}
 r - 2 scrolls of teleportation
 A - 2 scrolls of enchant weapon
 B - 2 scrolls of blinking {unknown}
 I - a scroll of torment {unknown}
 N - a scroll of magic mapping {!r}
Potions
 g - 4 potions of brilliance
 h - 9 potions of heal wounds
 j - 8 potions of curing
 k - 2 potions of invisibility
 q - 2 potions of magic
 t - 4 potions of flight
 v - a potion of mutation {!q}
 x - 2 potions of lignification {!q}
 C - a potion of might
 J - a potion of cancellation
 M - 2 potions of haste {unknown}
 O - a potion of agility
 P - a potion of berserk rage {!q}
Miscellaneous
 G - a phantom mirror
 U - a sack of spiders
Comestibles
 d - 19 rations


   Skills:
 + Level 5.7 Fighting
 - Level 3.0 Dodging
 - Level 1.0 Stealth
 + Level 11.8 Unarmed Combat
 - Level 3.1 Spellcasting
 + Level 4.8 Conjurations
 + Level 4.9 Transmutations
 + Level 6.5 Earth Magic


You had 10 spell levels left.
You knew the following spells:

 Your Spells              Type           Power        Failure   Level  Hunger
a - Sandblast             Erth           ###...       1%          1    #......
b - Passwall              Tmut/Erth      ###.....     3%          2    ##.....
c - Stone Arrow           Conj/Erth      ###...       6%          3    ###....

Your spell library contained the following spells:

 Spells                   Type           Power        Failure   Level  Hunger
 Sting                    Conj/Pois      #...         8%          1    #......
 Petrify                  Tmut/Erth      ###.....     21%         4    #####..
 Corona                   Hex            #......      22%         1    #......
 Dazzling Spray           Conj/Hex       #.....       24%         3    ###....
 Ensorcelled Hibernation  Hex/Ice        #.....       32%         2    ##.....
 Poisonous Vapours        Pois/Air       #.....       32%         2    ##.....
 Mephitic Cloud           Conj/Pois/Air  #.......     32%         3    ###....
 Lee's Rapid Deconstruct  Erth           ###.......   36%         5    ######.
 Confuse                  Hex            #.......     54%         3    ###....
 Tukima's Dance           Hex            #.......     54%         3    ###....
 Olgreb's Toxic Radiance  Pois           #.......     91%         4    #####..
 Venom Bolt               Conj/Pois      #.........   91%         5    ######.


Dungeon Overview and Level Annotations

Branches:
Dungeon (12/15)            Temple (1/1) D:6            Lair (1/6) D:11
    Orc: D:9-12

Altars:
Ashenzari
Cheibriados
Dithmenos
Elyvilon
Fedhas
Gozag
Hepliaklqana
Kikubaaqudgha
Makhleb
Nemelex Xobeh
Okawaru
Qazlal
Ru
Sif Muna
Trog
Uskayaw
Vehumet
Wu Jian
Xom
Yredelemnul
Zin
The Shining One

Shops:
D:11 !

Annotations:
D:11 2 transporters, Sassenached's ghost, journeyman DsGl


Innate Abilities, Weirdness & Mutations

You are too large for most types of armour.
You have claws for hands.
Your metabolism is lightning-fast.
You like to eat raw meat.
Your natural rate of healing is unusually fast.
You are covered in fur. (AC +1)
You have extremely tough skin. (AC +3)


Message History

A spiny frog comes into view.
The porcupine twitches its whiskers.
The porcupine barely misses you.
A yak comes into view.
You mangle the bullfrog!!
You kill the bullfrog!
Sif Muna accepts your kill. The spiny frog closely misses you.
You mangle the bullfrog!!
You kill the bullfrog!
Sif Muna accepts your kill.
The porcupine bites you but does no damage.
The spiny frog stings you!
You are poisoned.
The spiny frog poisons you!
You mangle the spiny frog!!
The spiny frog is almost dead.
You feel sick.
A yak comes into view.
You scratch the spiny frog.
The spiny frog is almost dead.
You feel sick. The porcupine bites you! The spiny frog stings you.
You are more poisoned.
The spiny frog poisons you!
You mangle the spiny frog!!
You kill the spiny frog!
Sif Muna accepts your kill.
You feel sick.
The water moccasin bites you but does no damage.
The porcupine bites you.
You closely miss the water moccasin. You claw the water moccasin!!
The water moccasin is almost dead.
You feel sick. The water moccasin barely misses you.
You miss the water moccasin. Your claw misses the water moccasin.
The water moccasin is almost dead.
You feel sick.
The black mamba bites you but does no damage.
The porcupine closely misses you.
A crocodile comes into view.
You claw the water moccasin!
You kill the water moccasin!
Sif Muna accepts your kill.
You feel sick. The black mamba bites you! The porcupine barely misses you.
You miss the black mamba.
You feel sick.
The black mamba bites you but does no damage.
You miss the water moccasin.
You feel sick. The black mamba closely misses you.
The porcupine barely misses you.
You claw the water moccasin!
The water moccasin is heavily wounded.
You feel sick.
A yak comes into view.
The black mamba bites you!
You mangle the water moccasin!!
You kill the water moccasin!
Sif Muna accepts your kill.
You feel sick. The porcupine closely misses you. The black mamba bites you!
You closely miss the water moccasin.
You feel sick. The water moccasin bites you.
* * * LOW HITPOINT WARNING * * *
The black mamba bites you.
* * * LOW HITPOINT WARNING * * *
The porcupine barely misses you.
You eviscerate the water moccasin!!!
You kill the water moccasin!
Sif Muna accepts your kill.
You feel sick. The black mamba closely misses you.
You barely miss the porcupine.
You feel sick. The porcupine misses you. The black mamba closely misses you.
You barely miss the porcupine.
The sentinel's mark upon you fades away.
You feel sick. The black mamba barely misses you.
The porcupine barely misses you.
You are struck by the porcupine's spines.
* * * LOW HITPOINT WARNING * * *
You barely miss the porcupine.
You feel sick. The black mamba misses you. The yak gores you!
* * * LOW HITPOINT WARNING * * *
The porcupine bites you but does no damage.
You are too berserk!
Okay, then.
You feel sick. The black mamba bites you!
* * * LOW HITPOINT WARNING * * *
The yak gores you.
* * * LOW HITPOINT WARNING * * *
You feel a strong urge to attack something.
You feel sick.
The black mamba bites you but does no damage.
You are no longer berserk.
You are exhausted.
You feel yourself slow down.
* * * LOW HITPOINT WARNING * * *
You feel sick.
You feel better.
The black mamba bites you but does no damage.
The black mamba bites you!
* * * LOW HITPOINT WARNING * * *
You are lethally poisoned!
The black mamba poisons you! The yak gores you but does no damage.
The yak gores you!
You die...

..P##..#####.....####............
..# #### ##....# #P....P###....
.. #....# ##.....# ##... .
##....# #....## #... #....Y##
#....# #... #P..tY.# #....# #...
##...Fr# #....# #... #..YYS#
.....# #... #...@## #... #....#
#... #..... ##... #....## #P..รท
#..... ##... #....# #... #....#
#... .....# #... #.<.


You could see a black mamba, 4 yaks, a spiny frog, a crocodile and a porcupine.

Vanquished Creatures
  3 two-headed ogres
  An unseen horror (D:10)
  Pikel (D:4)
  A cyclops (D:11)
  Joseph (D:8)
  A gargoyle (D:11)
  2 spiny frogs (Lair:1)
  A rime drake (Lair:1)
  A komodo dragon (Lair:1)
  A hippogriff (D:12)
  9 yaks (D:9)
  A soldier ant (D:10)
  5 water moccasins (Lair:1)
  A necrophage (D:10)
  5 ice beasts
  3 black bears
  3 phantoms
  An eye of draining (D:11)
  A sky beast (D:8)
  A slave (D:4)
  3 ogres
  10 centaurs
  A crocodile (Lair:1)
  6 bullfrogs
  A wyvern zombie (D:11)
  A gnoll sergeant (D:8)
  A scorpion (D:12)
  4 wights (D:11)
  6 howler monkeys
  3 centaur zombies
  8 crimson imps
  A human zombie (Ossuary)
  2 orc priests
  2 bullfrog zombies
  3 jellies
  4 hounds
  8 orc wizards
  Jessica (D:2)
  3 bullfrog skeletons
  3 iguanas
  5 worker ants
  3 ogre zombies (Ossuary)
  2 hound zombies
  7 mummies (Ossuary)
  A worker ant zombie (D:8)
  8 gnolls
  6 adders
  2 shadow imps
  4 oozes
  An adder skeleton (D:5)
  5 adder zombies
  A worm (D:5)
  A dart slug (D:3)
  4 leopard geckos
  27 orcs
  4 bats
  6 giant cockroaches
  A gnoll zombie (Ossuary)
  2 goblins
  7 hobgoblins
  10 jackals
  3 quokkas
  2 frilled lizards
  3 goblin zombies (Ossuary)
  3 hobgoblin zombies (Ossuary)
  5 kobolds
  4 kobold zombies (Ossuary)
  2 leopard gecko zombies
  An orc zombie (Ossuary)
  A quokka skeleton (D:7)
  3 quokka zombies
  7 rats
  6 rat zombies (Ossuary)
  2 fungi (D:7)
263 creatures vanquished.

Vanquished Creatures (others)
  A centaur skeleton (D:4)
  4 toadstools (D:7)
5 creatures vanquished.

Grand Total: 268 creatures vanquished

Notes
Turn   | Place    | Note
-------+----------+-------------------------------------------
     0 | D:1      | sankara the Troll Earth Elementalist began the quest for
                  | the Orb.
     0 | D:1      | Reached XP level 1. HP: 16/16 MP: 1/1
   169 | D:1      | Reached skill level 1 in Unarmed Combat
   219 | D:1      | Reached XP level 2. HP: 24/24 MP: 0/2
   337 | D:1      | Reached skill level 2 in Unarmed Combat
   849 | D:1      | HP: 4/24 [hobgoblin/+0 club (5)]
   949 | D:2      | Noticed a phantom
   997 | D:2      | Noticed Jessica
  1070 | D:2      | Killed Jessica
  1070 | D:2      | Reached skill level 3 in Unarmed Combat
  1070 | D:2      | Reached XP level 3. HP: 31/31 MP: 0/3
  1101 | D:2      | Learned a level 2 spell: Passwall
  1238 | D:2      | Killed a phantom
  1238 | D:2      | Reached skill level 1 in Fighting
  1238 | D:2      | Reached skill level 4 in Unarmed Combat
  1238 | D:2      | Reached XP level 4. HP: 41/41 MP: 2/4
  1238 | D:2      | Reached XP level 5. HP: 48/48 MP: 2/5
  1537 | D:3      | Learned a level 3 spell: Stone Arrow
  1661 | D:3      | Reached skill level 5 in Unarmed Combat
  1827 | D:3      | Found a shimmering altar of Xom.
  1843 | D:3      | Reached skill level 2 in Fighting
  1843 | D:3      | Reached XP level 6. HP: 57/57 MP: 4/6
  1943 | D:3      | Found a glowing golden altar of the Shining One.
  2282 | D:4      | Reached skill level 6 in Unarmed Combat
  2398 | D:4      | Noticed Pikel
  2398 | D:4      | Noticed a slave
  2398 | D:4      | Noticed a slave
  2409 | D:4      | Killed a slave
  2415 | D:4      | Noticed a slave
  2415 | D:4      | Noticed a slave
  2416 | D:4      | Killed Pikel
  2416 | D:4      | Reached skill level 3 in Fighting
  2416 | D:4      | Reached skill level 7 in Unarmed Combat
  2416 | D:4      | Reached XP level 7. HP: 67/67 MP: 7/7
  2580 | D:4      | Reached skill level 8 in Unarmed Combat
  2580 | D:4      | Reached XP level 8. HP: 75/75 MP: 8/8
  2671 | D:4      | Found an ancient bone altar of Kikubaaqudgha.
  2897 | D:5      | Entered Level 5 of the Dungeon
  3136 | D:5      | Reached skill level 9 in Unarmed Combat
  3216 | D:5      | Found a stormy altar of Qazlal.
  3555 | D:5      | Reached skill level 4 in Fighting
  3745 | D:6      | Reached skill level 10 in Unarmed Combat
  3769 | D:6      | Found a staircase to the Ecumenical Temple.
  3782 | Temple   | Entered the Ecumenical Temple
  3938 | Temple   | Became a worshipper of Sif Muna the Loreminder
  4045 | D:6      | Reached XP level 9. HP: 85/85 MP: 6/9
  4049 | D:6      | Found a burning altar of Makhleb.
  4050 | D:6      | Found a basalt altar of Yredelemnul.
  4179 | D:6      | Reached skill level 1 in Transmutations
  4560 | D:7      | Found a sand-covered staircase.
  4578 | D:7      | Found a radiant altar of Vehumet.
  4583 | D:7      | Reached skill level 3 in Earth Magic
  4683 | Ossuary  | Entered an ossuary
  4821 | Ossuary  | Reached skill level 1 in Conjurations
  4886 | Ossuary  | Reached * piety under Sif Muna
  5924 | D:8      | Reached skill level 2 in Spellcasting
  5950 | D:8      | Reached ** piety under Sif Muna
  5982 | D:8      | Reached skill level 5 in Fighting
  5983 | D:8      | Reached skill level 2 in Transmutations
  6144 | D:8      | Noticed Joseph
  6170 | D:8      | Killed Joseph
  6170 | D:8      | Reached skill level 2 in Conjurations
  6211 | D:8      | Reached skill level 4 in Earth Magic
  6658 | D:9      | Reached XP level 10. HP: 96/96 MP: 12/12
  6692 | D:9      | Noticed a two-headed ogre
  6701 | D:9      | Killed a two-headed ogre
  6701 | D:9      | Reached skill level 3 in Conjurations
  6701 | D:9      | Reached skill level 3 in Transmutations
  6841 | D:9      | Noticed a two-headed ogre
  6852 | D:9      | Killed a two-headed ogre
  6852 | D:9      | Reached *** piety under Sif Muna
  6852 | D:9      | Reached skill level 11 in Unarmed Combat
  6852 | D:9      | Reached skill level 3 in Spellcasting
  6966 | D:9      | Reached skill level 5 in Earth Magic
  7021 | D:9      | Reached skill level 2 in Dodging
  7427 | D:10     | Entered Level 10 of the Dungeon
  7735 | D:10     | You fall through a shaft for 2 floors!
  7756 | D:12     | Reached skill level 4 in Transmutations
  7936 | D:11     | Reached skill level 4 in Conjurations
  7936 | D:11     | Reached XP level 11. HP: 102/102 MP: 14/14
  8025 | D:10     | Reached skill level 3 in Dodging
  8215 | D:10     | Killed an unseen horror
  8649 | D:11     | Reached skill level 6 in Earth Magic
  8746 | D:11     | Found Keschy's Distillery.
  8749 | D:11     | Bought a potion of curing for 39 gold pieces
  8749 | D:11     | Bought a potion of heal wounds for 65 gold pieces
  8749 | D:11     | Bought a potion of agility for 52 gold pieces
  8749 | D:11     | Bought a potion of berserk rage for 65 gold pieces
  8818 | D:11     | Reached **** piety under Sif Muna
  9045 | D:11     | Found a transporter.
  9056 | D:11     | Identified the cursed +1 dire flail of the Enchanted Forest
                  | {venom, rElec MR+}
  9056 | D:11     | Identified the +9 dire flail "Spiderslayer" {crush, rElec
                  | rF+}
  9056 | D:11     | Noticed a two-headed ogre
  9056 | D:11     | Noticed Sassenached's ghost (journeyman DsGl)
  9057 | D:11     | Found a transporter.
  9060 | D:11     | Noticed a two-headed ogre
  9159 | D:11     | Noticed a two-headed ogre
  9166 | D:11     | Killed a two-headed ogre
  9245 | D:11     | Found a staircase to the Lair.
  9255 | Lair:1   | Entered Level 1 of the Lair of Beasts
  9439 | Lair:1   | HP: 39/157 [poisoned by a spiny frog]
  9442 | Lair:1   | HP: 9/157 [black mamba (11)]
  9444 | Lair:1   | HP: 3/105 [poisoned by a spiny frog]
  9445 | Lair:1   | Mangled by a yak

Skill      XL: |  1  2  3  4  5  6  7  8  9 10 11 |
---------------+----------------------------------+-----
Unarmed Combat | 1 3 4 5 7 8 10 11 | 11.8
Fighting       | 1 2 3 4 5 |  5.7
Transmutations | 2 4 |  4.9
Earth Magic    | 4 5 6 |  6.5
Conjurations   | 2 4 |  4.8
Spellcasting   | 2 3 |  3.1
Dodging        | 2 3 |  3.0
Stealth        | |  1.0

Action                   |  1- 3 |  4- 6 |  7- 9 | 10-12 || total
-------------------------+-------+-------+-------+-------++-------
Melee: Unarmed           |    84 |   107 |   369 |   182 ||   742
       Punch             |       |     2 |    15 |    10 ||    27
Throw: Stone             |    14 |     2 |     7 |       ||    23
       Large rock        |       |       |       |     1 ||     1
 Cast: Sandblast         |     8 |     6 |    14 |    15 ||    43
       Stone Arrow       |       |       |     7 |    24 ||    31
       Passwall          |       |       |       |     1 ||     1
Invok: Divine Energy     |       |       |     1 |       ||     1
 Abil: Evoke Berserk Rag |     1 |     2 |     9 |     7 ||    19
Evoke: Wand              |       |       |     6 |    17 ||    23
  Use: Scroll            |       |       |    10 |     7 ||    17
       Potion            |       |       |     1 |     1 ||     2
 Stab: Sleeping          |       |     2 |     3 |     1 ||     6
       Distracted        |       |       |       |     2 ||     2
  Eat: Chunk             |    17 |    13 |    41 |    32 ||   103
       Ration            |       |       |     2 |       ||     2
Armor: Robe              |    31 |    27 |   105 |    44 ||   207
Dodge: Dodged            |    37 |    38 |   125 |    70 ||   270

Levels and vault maps discovered:
D:1:      dpeg_arrival_boxes_within_box, layout_basic,
          hangedman_abyss_or_decor_stabs, minmay_misc_feat_diagonals
D:2:      layout_rooms, uniq_jessica
D:3:      layout_loops_ring, tso_oasis_becter, led_xom_imps, serial_bayou,
          serial_bayou_pond_a, serial_bayou_lagoon_a, serial_bayou_pond_e,
          serial_bayou_ford_a
D:4:      layout_rooms, lemuel_coloured_pillars_altar, first_ration, uniq_pikel
D:5:      layout_cave_pools, grunt_qazlal_clouds, minmay_misc_feat_plants
D:6:      layout_cave_pools, chequers_temple_overflow_statue_of_worship,
          minmay_temple_entry_mini_moons, serial_park
D:7:      layout_basic, basic_altar, nicolae_ossuary_entry_monument,
          minmay_gold_behind_fungi
D:8:      layout_loops_ring, uniq_joseph
D:9:      layout_loops_ring
D:10:     layout_basic
D:11:     layout_loops_ring, lair_entry_dummy,
          kennysheep_orc_monster_closet_entryway, gammafunk_ghost_smash,
          serial_shops, shop
D:12:     layout_loops_ring, hangedman_fish_farm, nicolae_tso_carved_into_rock,
          uniq_snorg
Temple:   nicolae_temple_elliptical
Lair:1:   layout_long_grid, ebering_ghost_reflecting_pool, serial_bayou_lake_a,
          grunt_megastairs_4
Ossuary:  ossuary_boxes_badplayer

Table legend:
 A = Turns spent in this place as a percentage of turns spent in the entire game.
 B = Non-inter-level travel turns spent in this place as a percentage of non-inter-level travel turns spent in the entire game.
 C = Inter-level travel turns spent in this place as a percentage of turns spent in this place.
 D = Turns resting spent in this place as a percentage of non-inter-level travel turns spent in this place.
 E = Turns spent auto-exploring this place as a percentage of non-inter-level travel turns spent in this place.
 F = Non-inter-level travel turns spent in this place divided by the number of levels of this place that you've seen.
                   A       B       C       D       E      F
               +-------+-------+-------+-------+-------+----------------------
         Total | 100.0 | 100.0 |   5.8 |  10.4 |  64.1 | 593.1
       Dungeon |  92.0 |  91.9 |   5.9 |  10.6 |  65.1 | 681.3
        Temple |   1.9 |   1.6 |  20.2 |   0.0 |  95.1 | 142.0
          Lair |   2.0 |   2.1 |   1.6 |  25.1 |  31.0 | 187.0
       Ossuary |   4.1 |   4.4 |   0.0 |   4.9 |  49.1 | 391.0
               +-------+-------+-------+-------+-------+----------------------

Table legend:
 A = Kills in this place as a percentage of kills in entire the game.
 B = Kills by you in this place as a percentage of kills by you in the entire game.
 C = Kills by friends in this place as a percentage of kills by friends in the entire game.
 D = Other kills in this place as a percentage of other kills in the entire game.
 E = Experience gained in this place as a percentage of experience gained in the entire game.
 F = Experience gained in this place divided by the number of levels of this place that you have seen.
                   A       B       C       D       E      F
               +-------+-------+-------+-------+-------+----------------------
         Total | 100.0 | 100.0 |   N/A |   N/A | 100.0 | 1179.7
       Dungeon |  81.2 |  81.2 |   N/A |   N/A |  83.4 | 1229.8
          Lair |   4.6 |   4.6 |   N/A |   N/A |  14.4 | 2551.0
       Ossuary |  14.2 |  14.2 |   N/A |   N/A |   2.2 | 388.0
               +-------+-------+-------+-------+-------+----------------------
